 Dungeon Crawl Stone Soup version 0.19-a0-1490-g5dd3618 (webtiles) character file.

8656 dvd the Nimble (level 11, -14/104 HPs)
             Began as a Troll Fighter on Sept 8, 2016.
             Was a Follower of Uskayaw.
             Killed from afar by Sonja (15 damage)
             ... with a wand of acid
             ... on level 1 of the Lair of Beasts.
             The game lasted 00:39:51 (9558 turns).

dvd the Nimble (Troll Fighter)                      Turns: 9558, Time: 00:39:55

Health: -14/104    AC:  4    Str: 27    XL:     11   Next: 12%
Magic:  11/11      EV: 13    Int:  4    God:    Uskayaw [*.....]
Gold:   674        SH: 12    Dex: 11    Spells: 1 memorised, 11 levels left

rFire  + . .     SeeInvis .       - Unarmed
rCold  . . .     Gourm    +     a - +0 robe
rNeg   . . .     Faith    .     l - +2 shield {rF+}
rPois  .         Spirit   .     (helmet restricted)
rElec  .         Dismiss  .     s - +2 cloak
rCorr  .         Reflect  .     (gloves unavailable)
MR     .....     Harm     .     (boots unavailable)
Stlth  ++........               (no amulet)
                                (no ring)
                                q - ring of wizardry

@: lethally poisoned (-14 -> -14), corroded
A: unfitting armour, claws 3, fast metabolism 3, gourmand, regeneration 1,
shaggy fur 1, tough skin 2
a: Stomp, Renounce Religion


You were on level 1 of the Lair of Beasts.
You worshipped Uskayaw.
Uskayaw was noncommittal.
You were completely stuffed.

You visited 3 branches of the dungeon, and saw 11 of its levels.
You also visited: Bailey.

You collected 674 gold pieces.

Inventory:

Hand Weapons
 u - a +5 long sword of electrocution
 x - a +1 hand axe of electrocution
Missiles
 B - 8 tomahawks (quivered)
Armour
 a - a +0 robe (worn)
 l - a +2 shield of fire resistance (worn)
 s - a +2 cloak (worn)
 w - a troll hide
Jewellery
 q - a ring of wizardry (left claw)
Wands
 i - a wand of random effects (11/48)
 j - a wand of iceblast (3/15)
Scrolls
 e - 7 scrolls of identify
 f - 2 scrolls of remove curse
 h - a scroll of blinking
 p - 9 scrolls of teleportation
Potions
 c - a potion of might
 g - 4 potions of curing
 n - a potion of invisibility
 o - 3 potions of flight
Books
 v - a book of Flames

   Spells                             Type                      Level
   a - Flame Tongue                   Conjuration/Fire             1
   b - Throw Flame                    Conjuration/Fire             2
   c - Conjure Flame                  Conjuration/Fire             3
   d - Inner Flame                    Hexes/Fire                   3
   e - Sticky Flame                   Conjuration/Fire             4
   f - Fireball                       Conjuration/Fire             5
Comestibles
 d - 10 bread rations
 k - 2 beef jerkies
 m - 2 slices of pizza
 t - 3 meat rations


   Skills:
 + Level 5.5 Fighting
 + Level 4.0 Throwing
 + Level 8.5 Dodging
 + Level 3.5 Stealth
 + Level 6.7 Shields
 + Level 7.0 Unarmed Combat
 + Level 1.0 Spellcasting
 + Level 1.2 Conjurations
 + Level 1.3 Fire Magic
 + Level 1.4 Invocations
 + Level 1.3 Evocations


You had 11 spell levels left.
You knew the following spells:

 Your Spells              Type           Power        Failure   Level  Hunger
a - Flame Tongue          Conj/Fire      #....        24%         1    ##.....


Dungeon Overview and Level Annotations

Branches:
Dungeon (9/15)             Temple (1/1) D:7            Lair (1/6) D:8
    Orc: D:9-12

Altars:
Ashenzari
Cheibriados
Dithmenos
Elyvilon
Fedhas
Gozag
Hepliaklqana
Kikubaaqudgha
Makhleb
Nemelex Xobeh
Okawaru
Qazlal
Ru
Sif Muna
Trog
Uskayaw
Vehumet
Xom
Yredelemnul
Zin
The Shining One

Annotations:
Lair:1 Sonja


Innate Abilities, Weirdness & Mutations

You are too large for most types of armour.
You have claws for hands.
Your metabolism is lightning-fast.
You like to eat raw meat.
Your natural rate of healing is unusually fast.
You are covered in fur. (AC +1)
You have very tough skin. (AC +2)


Message History

Sonja blinks!
Unknown command.
Throwing (i - inventory):
B - 9 tomahawks (quivered)
Press: ? - help, Shift-Dir - straight line, f - Sonja
Aim: Sonja, wielding a dagger of venom and carrying a wand of acid {zapped: 2} You throw a tomahawk.
The tomahawk completely misses Sonja.
You feel sick.
Sonja shouts, "Some dancing partner you are!"
You mangle Sonja!!
Sonja is severely wounded.
Sonja zaps a wand.
The bolt of acid hits you!
The acid burns!
* * * LOW HITPOINT WARNING * * *
Unknown command.
You completely miss Sonja.
Sonja is severely wounded.
You feel sick.
Sonja zaps a wand.
The bolt of acid hits you!
* * * LOW HITPOINT WARNING * * *
The acid corrodes you!
The acid burns!
* * * LOW HITPOINT WARNING * * *
Sonja zaps a wand.
The bolt of acid hits you!
You die...

..# .........#
#...#.....(.....?#
..................##.
......................
........##..#.........
........##............
........(.............
...........K...........
...........@...........(
#.......................
#....................(.)
###.....................
##....................
#.........[...........
###...........(.......
###......###........
##.#....#.††......


You could see Sonja.

Vanquished Creatures
  An orc knight (Bailey)
  A griffon (D:9)
  2 spiny frogs
  A komodo dragon (D:8)
  A troll (D:9)
  4 blink frogs
  6 yaks
  Grum (D:9)
  2 hippogriffs
  A black bear (D:9)
  An ice beast (D:6)
  11 orc warriors
  3 sky beasts
  6 ogres
  9 wolves
  A centaur (D:8)
  2 crocodiles
  2 big kobolds (D:8)
  Blork the orc (D:5)
  A water moccasin zombie (D:9)
  A scorpion (D:5)
  6 killer bees (D:6)
  6 crimson imps
  3 jellies
  2 giant frog zombies
  9 orc priests
  2 hounds
  A centaur zombie (D:7)
  4 orc wizards
  Crazy Yiuf (D:3)
  4 iguanas
  2 worker ants
  A hound skeleton (D:5)
  A worker ant zombie (D:7)
  3 gnolls (D:6)
  2 howler monkey skeletons
  9 adders
  A river rat (D:7)
  2 shadow imps
  An adder zombie (D:5)
  3 worms
  3 dart slugs
  8 giant geckos
  45 orcs
  15 bats
  6 giant cockroaches
  13 goblins
  4 hobgoblins
  5 jackals
  11 kobolds
  2 quokkas
  A giant gecko skeleton (D:6)
  9 giant newts
  2 quokka zombies
  15 rats
260 creatures vanquished.

Vanquished Creatures (others)
  A plant (D:8)
1 creature vanquished.

Grand Total: 261 creatures vanquished

Notes
Turn   | Place    | Note
-------+----------+-------------------------------------------
     0 | D:1      | dvd the Troll Fighter began the quest for the Orb.
     0 | D:1      | Reached XP level 1. HP: 22/22 MP: 0/0
    76 | D:1      | Reached XP level 2. HP: 27/29 MP: 1/1
   531 | D:1      | Reached XP level 3. HP: 36/36 MP: 2/2
  1220 | D:2      | Found a shattered altar of Ashenzari.
  1222 | D:2      | Reached skill level 3 in Dodging
  1578 | D:2      | Reached XP level 4. HP: 22/44 MP: 3/3
  1887 | D:3      | Reached XP level 5. HP: 48/52 MP: 4/4
  2032 | D:3      | Found a runed door.
  2036 | D:3      | Noticed Crazy Yiuf
  2047 | D:3      | Killed Crazy Yiuf
  2499 | D:4      | Found a sacrificial altar of Ru.
  2987 | D:4      | Reached skill level 1 in Throwing
  2987 | D:4      | Reached skill level 4 in Dodging
  2987 | D:4      | Reached XP level 6. HP: 30/61 MP: 5/5
  3048 | D:4      | Found a deep blue altar of Sif Muna.
  3049 | D:4      | Found a hide-covered altar of Uskayaw.
  3055 | D:4      | Became a worshipper of Uskayaw the Reveler
  3198 | D:5      | Entered Level 5 of the Dungeon
  3210 | D:5      | Noticed Blork the orc
  3216 | D:5      | Reached * piety under Uskayaw
  3219 | D:5      | Reached ** piety under Uskayaw
  3287 | D:5      | Killed Blork the orc
  3422 | D:5      | Reached skill level 1 in Stealth
  3425 | D:5      | Reached XP level 7. HP: 47/67 MP: 1/6
  3710 | D:5      | Found an iron altar of Okawaru.
  3959 | D:6      | Found a burning altar of Makhleb.
  4069 | D:6      | Reached *** piety under Uskayaw
  4070 | D:6      | Reached **** piety under Uskayaw
  4292 | D:6      | Reached skill level 5 in Dodging
  4292 | D:6      | Reached XP level 8. HP: 78/78 MP: 7/7
  5295 | D:7      | Reached skill level 6 in Dodging
  5389 | D:7      | Found a staircase to the Ecumenical Temple.
  5395 | Temple   | Entered the Ecumenical Temple
  5648 | D:7      | Reached skill level 5 in Unarmed Combat
  5683 | D:7      | Reached skill level 5 in Shields
  6067 | D:7      | Reached XP level 9. HP: 52/85 MP: 4/8
  6637 | D:8      | Found a staircase to the Lair.
  6720 | D:8      | Learned a level 1 spell: Flame Tongue
  6727 | D:8      | Found a glowing golden altar of the Shining One.
  6753 | D:8      | Reached skill level 7 in Dodging
  7190 | D:9      | Reached skill level 5 in Fighting
  7199 | D:9      | Reached ***** piety under Uskayaw
  7207 | D:9      | Reached XP level 10. HP: 57/96 MP: 9/9
  7207 | D:9      | Reached ****** piety under Uskayaw
  7258 | D:9      | Found a hazy altar of Hepliaklqana.
  7261 | D:9      | Noticed a griffon
  7278 | D:9      | Killed a griffon
  7278 | D:9      | Reached skill level 1 in Invocations
  7296 | D:9      | Found a flagged portal.
  7371 | Bailey   | Entered a bailey
  7946 | Bailey   | Noticed an orc knight
  8278 | Bailey   | Killed an orc knight
  8278 | Bailey   | Reached skill level 1 in Conjurations
  8278 | Bailey   | Reached skill level 1 in Fire Magic
  8360 | D:9      | Noticed Grum
  8367 | D:9      | Reached skill level 1 in Evocations
  8371 | D:9      | Reached skill level 1 in Spellcasting
  8378 | D:9      | Killed Grum
  8617 | D:9      | Found a shimmering altar of Xom.
  8723 | D:9      | Found a radiant altar of Vehumet.
  8730 | D:9      | Reached skill level 8 in Dodging
  8744 | D:9      | Found a sparkling altar of Nemelex Xobeh.
  9060 | Lair:1   | Entered Level 1 of the Lair of Beasts
  9060 | Lair:1   | Noticed a spiny frog
  9069 | D:8      | Killed a spiny frog
  9245 | Lair:1   | Reached XP level 11. HP: 47/104 MP: 7/11
  9369 | Lair:1   | Noticed Sonja
  9558 | Lair:1   | HP: 1/104 [acid (8)]
  9558 | Lair:1   | Killed from afar by Sonja

Vault maps used:
D:1:      elethiomel_arrival_maze, minmay_octomino_c4
D:2:      old_standard_altar, first_bread, nicolae_underground_beach
D:3:      grunt_decor_clamped, uniq_crazy_yiuf_cottage
D:4:      lemuel_doored_altar, gammafunk_temple_overflow_pools
D:5:      kennysheep_mini_moat, uniq_blork_the_orc
D:6:      old_standard_altar
D:8:      tso_altar, grunt_lair_entry_orc_guard_hut
D:9:      nicolae_overflow_hidden_temple, nemelex_xobeh_ov_fountains_minmay,
          old_standard_altar, overflow_temple_1_default, enter_bailey_3,
          uniq_grum
Temple:   dpeg_chambers_temple
Lair:1:   serial_bayou_shore_a, grunt_megastairs_1, uniq_sonja
Bailey:   bailey_polearm_1, bailey

Skill      XL: |  1  2  3  4  5  6  7  8  9 10 |
---------------+-------------------------------+-----
Dodging        | 3 4 5 6 7 8 |  8.5
Shields        | 3 4 5 6 |  6.7
Fighting       | 3 4 5 |  5.5
Throwing       | 1 2 3 4 |  4.0
Unarmed Combat | 3 5 6 7 |  7.0
Stealth        | 1 2 3 |  3.5
Invocations    | 1 |  1.4
Conjurations   | 1 |  1.2
Fire Magic     | 1 |  1.3
Evocations     | 1 |  1.3
Spellcasting   | 1 |  1.0

Action                   |  1- 3 |  4- 6 |  7- 9 | 10-12 || total
-------------------------+-------+-------+-------+-------++-------
Melee: Unarmed           |   111 |   116 |   419 |   159 ||   805
Throw: Javelin           |     3 |    28 |    17 |     8 ||    56
       Tomahawk          |       |       |    20 |    29 ||    49
 Cast: Flame Tongue      |       |       |       |    26 ||    26
Invok: Line Pass         |       |     2 |     7 |     1 ||    10
       Stomp             |       |       |     8 |     6 ||    14
       Grand Finale      |       |       |       |     1 ||     1
Evoke: Wand              |       |       |       |    15 ||    15
  Use: Potion            |       |     2 |    12 |     3 ||    17
       Scroll            |       |       |    11 |     2 ||    13
 Stab: Paralysed         |       |       |    13 |     9 ||    22
       Confused          |       |       |     1 |       ||     1
  Eat: Chunk             |    20 |    15 |    42 |    26 ||   103
Armor: Robe              |    26 |    22 |   174 |    45 ||   267
Dodge: Dodged            |    31 |    35 |   228 |   115 ||   409
Block: Shield            |    48 |    57 |   285 |   163 ||   553
